 Dungeon Crawl Stone Soup version 0.32-a0-886-g41c5271027 (webtiles) character file.

Game seed: 9587624474534561885

1528 Biggs the Skirmisher (level 8, -1/56 HPs)
             Began as a Coglin Hunter on Apr 2, 2024.
             Slain by an iguana (9 damage)
             ... on level 4 of the Dungeon.
             The game lasted 00:09:09 (4579 turns).

Biggs the Skirmisher (Coglin Hunter)                Turns: 4579, Time: 00:09:09

Health: -1/56      AC:  5    Str: 12    XL:     8   Next: 85%
Magic:  8/8        EV: 12    Int:  9    God:
Gold:   41         SH:  0    Dex: 19    Spells: 7/7 levels left

rFire   . . .        a - +4 sling {Servia}
rCold   . . .        d - +0 sling {Hidetaka}
rNeg    . . .        c - +0 leather armour
rPois   .            s - +0 helmet
rElec   .            (no cloak)
rCorr   .            (no gloves)
SInv    .            p - +0 pair of boots
Will    .....        (amulet unavailable)
Stlth   ++           (ring unavailable)
HPRegen 0.29/turn    (ring unavailable)
MPRegen 0.11/turn    (no gizmo)

%: no passive effects
@: revved
A: off-hand wielding, slow wielding, warmup strikes, no jewellery
a: Invent Gizmo


You were on level 4 of the Dungeon.
You visited 1 branch of the dungeon, and saw 7 of its levels.

You collected 142 gold pieces.
You spent 101 gold pieces at shops.

Inventory:

Hand Weapons
 a - a +4 sling (weapon) {Servia}
 d - a +0 sling (offhand) {Hidetaka}
Armour
 c - a +0 leather armour (worn)
 p - a +0 pair of boots (worn)
 s - a +0 helmet (worn)
Wands
 k - a wand of flame (40)
Scrolls
 b - a scroll of silence
 g - 2 scrolls of fog
 i - a scroll of blinking
 j - a scroll of fear
 l - 3 scrolls of teleportation
 o - a scroll of revelation
 t - 2 scrolls of vulnerability
Potions
 e - 2 potions of enlightenment {unknown}
 f - 2 potions of berserk rage {unknown}
 m - 2 potions of haste {unknown}
 n - a potion of attraction {unknown}
 q - 3 potions of curing
 r - 2 potions of cancellation {unknown}


   Skills:
 - Level 2.0 Fighting
 - Level 10.0 Ranged Weapons
 + Level 3.8 Dodging
 - Level 0.7 Stealth


You had 7 spell levels left.
You didn't know any spells.
Your spell library contained the following spells:

 Spells                   Type           Power      Damage    Failure   Level
 Animate Dead             Necr           0%         N/A       99%         4
 Haunt                    Necr/Summ      0%         N/A       100%        7
 Infestation              Necr           0%         N/A       100%        8


Dungeon Overview and Level Annotations

Branches:
Dungeon (7/15)
 Temple: D:4-7

Altars:

Shops:
D:2 [=(:[   D:4 *[!(?   D:6 [   D:7 ?


Innate Abilities, Weirdness & Mutations

You can wield a second weapon in your off-hand.
It takes a long time for you to wield or remove held weapons.
Your first few attacks do less damage.
You cannot equip rings or amulets.


Message History

The iguana bites you.
* * * LOW HITPOINT WARNING * * *
Fire: a) +4 sling {Servia}
Press: ? - help, Q - select action, (/) - cycle Shift-Dir - straight line, f/p - iguana
Aim: an iguana (severely wounded, 72% to hit)
You shoot a sling bullet.
The sling bullet hits the iguana but does no damage.
The iguana is severely wounded.
You shoot a sling bullet.
The sling bullet hits the iguana but does no damage.
The iguana is severely wounded.
Unknown command.
Fire: a) +4 sling {Servia}
Press: ? - help, Q - select action, (/) - cycle Shift-Dir - straight line, f/p - iguana
Aim: an iguana (severely wounded, 72% to hit)
You shoot a sling bullet. The sling bullet hits the iguana.
The iguana is almost dead.
You shoot a sling bullet.
The sling bullet hits the iguana but does no damage.
The iguana is almost dead.
The iguana misses you.
Unknown command.
Fire: a) +4 sling {Servia}
Press: ? - help, Q - select action, (/) - cycle Shift-Dir - straight line, f/p - iguana
Aim: an iguana (almost dead, 72% to hit)
You shoot a sling bullet.
The sling bullet barely misses the iguana.
You shoot a sling bullet.
The sling bullet closely misses the iguana.
The iguana bites you.
* * * LOW HITPOINT WARNING * * *
Fire: a) +4 sling {Servia}
Press: ? - help, Q - select action, (/) - cycle Shift-Dir - straight line, f/p - iguana
Aim: an iguana (almost dead, 72% to hit)
You shoot a sling bullet.
The sling bullet closely misses the iguana.
You shoot a sling bullet.
The sling bullet barely misses the iguana.
The iguana bites you!
You die...

##########
######........#
#.......####..#
#.####..####.>#######
#.#..@...........#####
#.#.##l.####..#..#÷###
###.#.##..###..###.####.
#..............#÷#......
#.###.#.#####..###.∩.###
#.....#)# ##.......#÷#
#.#####.# #.#####.###
#.# #.# #.###÷#...#
#.#####.# ##'#####.#.#


You could see an iguana.

Vanquished Creatures
  Prince Ribbit (D:5)
  An ice beast (D:7)
  A sky beast (D:7)
  A phantom (D:5)
  A bullfrog (D:7)
  4 scorpions
  2 bombardier beetles
  A hound (D:6)
  3 orc priests
  A sleepcap (D:5)
  An iguana (D:3)
  Natasha (thrice) (D:2)
  4 orc wizards
  Robin (D:3)
  3 gnolls (D:5)
  3 adders
  A shadow imp (D:7)
  4 ufetubi
  A ribbon worm (D:3)
  2 dart slugs
  18 orcs
  6 bats
  5 endoplasms
  4 giant cockroaches
  13 goblins
  10 hobgoblins
  6 jackals (D:1)
  3 quokkas
  8 ball pythons
  4 frilled lizards
  11 kobolds
  8 rats
135 creatures vanquished.

Vanquished Creatures (collateral kills)
  A wraith (D:7)
1 creature vanquished.

Grand Total: 136 creatures vanquished

Notes
Turn   | Place    | Note
-------+----------+-------------------------------------------
     0 | D:1      | Biggs the Coglin Hunter began the quest for the Orb.
     0 | D:1      | Reached XP level 1. HP: 16/16 MP: 1/1
    71 | D:1      | Reached skill level 4 in Ranged Weapons
    71 | D:1      | Reached XP level 2. HP: 22/22 MP: 2/2
   285 | D:1      | Reached XP level 3. HP: 27/27 MP: 3/3
   655 | D:2      | Noticed Natasha
   655 | D:2      | Found Kownun's Antique Armour Shoppe.
   657 | D:2      | Killed Natasha
   658 | D:2      | Reached skill level 5 in Ranged Weapons
   658 | D:2      | Reached XP level 4. HP: 31/33 MP: 4/4
   687 | D:2      | Found Odoom's Jewellery Boutique.
   869 | D:2      | Noticed Natasha
   873 | D:2      | Killed Natasha
   874 | D:2      | Reached XP level 5. HP: 6/38 MP: 5/5
  1106 | D:2      | Found Paulaj's Book Emporium.
  1110 | D:2      | Found Laul Cypn's Antique Weapon Boutique.
  1177 | D:2      | Found Wionang's Antique Armour Emporium.
  1304 | D:2      | Noticed Natasha
  1307 | D:2      | Killed Natasha
  1483 | D:3      | Reached skill level 6 in Ranged Weapons
  1696 | D:3      | Reached XP level 6. HP: 44/44 MP: 6/6
  1789 | D:3      | Noticed Robin
  1814 | D:3      | Killed Robin
  2255 | D:4      | Found Zyih's Distillery.
  2261 | D:4      | Bought a potion of curing for 33 gold pieces
  2367 | D:4      | Found Butuz's Armour Boutique.
  2428 | D:4      | Found Aczoof's General Store.
  2431 | D:4      | Bought 2 scrolls of identify for 40 gold pieces
  2459 | D:4      | Reached skill level 7 in Ranged Weapons
  3121 | D:4      | Found Yxtepizoa's Weapon Shoppe.
  3149 | D:4      | Reached XP level 7. HP: 50/50 MP: 7/7
  3194 | D:4      | You fall into a shaft and drop 3 floors!
  3241 | D:7      | Found Caut's Magic Scroll Emporium.
  3343 | D:7      | Reached skill level 8 in Ranged Weapons
  3643 | D:7      | Noticed a wraith
  3678 | D:7      | Killed a wraith
  3679 | D:7      | Reached XP level 8. HP: 36/56 MP: 8/8
  3766 | D:7      | Reached skill level 9 in Ranged Weapons
  3876 | D:6      | Found Hiyzauloh's Armour Shoppe.
  4165 | D:5      | Entered Level 5 of the Dungeon
  4179 | D:5      | Noticed Prince Ribbit
  4186 | D:5      | Killed Prince Ribbit
  4214 | D:5      | Reached skill level 10 in Ranged Weapons
  4425 | D:4      | Found Plog's Magic Scroll Emporium.
  4438 | D:4      | Bought a scroll of identify for 28 gold pieces
  4579 | D:4      | Slain by an iguana

Illustrated notes

Levels and vault maps discovered:
D:1:      heliophobic_arrival_henge, layout_basic, minivault_19,
          serial_park_tiny_pond
D:2:      layout_loops_ring, serial_shops, nicolae_shop_tiny_real_fake_doors,
          nicolae_shop_tiny_statue_garden, nicolae_shop_crystal,
          nicolae_shop_overgrown_old_shop, nicolae_diamond_shop,
          serial_park_tiny_pond, minmay_pentomino_p4, uniq_natasha
D:3:      layout_rooms, reono_crystal_passage, uniq_robin
D:4:      layout_loops_corners, serial_shops, shop, kennysheep_little_box,
          nicolae_shop_real_fake_doors, nicolae_lakefront_shop,
          nicolae_shop_gibbet_a_chance, roderic_malta_cross, kennysheep_path_1
D:5:      layout_cave_pools, uniq_prince_ribbit1
D:6:      layout_loops_ring, gammafunk_temple_overflow_pools, serial_shops,
          shop, nicolae_shop_just_a_little_nook, nicolae_shop_trees
D:7:      layout_cave_pods, minmay_temple_entry_fiery, serial_shops, shop

Skill      XL: |  1  2  3  4  5  6  7  8 |
---------------+-------------------------+-----
Ranged Weapons | 4 5 6 7 8 10 | 10.0
Dodging        | 3 |  3.8
Fighting       | |  2.0
Stealth        | |  0.7

Action                     |  1- 3 |  4- 6 |  7- 9 || total
---------------------------+-------+-------+-------++-------
   Fire: Sling             |   122 |   310 |   284 ||   716
    Use: Scroll            |       |     7 |     6 ||    13
 Armour: Leather armour    |     8 |    40 |    54 ||   102
  Dodge: Dodged            |     9 |    40 |    41 ||    90

Table legend: (Time is in decaauts)
 A = Elapsed time spent in this place.
 B = Non-inter-level travel time spent in this place.
 C = Inter-level travel time spent in this place.
 D = Time resting spent in this place.
 E = Time spent auto-exploring this place.
 F = Levels seen in this place.
 G = Mean time per level.
                   A        B        C        D        E       F      G
               +--------+--------+--------+--------+--------+-----+--------+
         Total |   4626 |   4411 |    215 |     71 |   3652 |   7 |  660.9 |
       Dungeon |   4626 |   4411 |    215 |     71 |   3652 |   7 |  660.9 |
               +--------+--------+--------+--------+--------+-----+--------+

Top non-repeatable levels by time:
     D:4: 1169 daAuts
     D:2: 893 daAuts
     D:3: 703 daAuts
     D:7: 695 daAuts
     D:1: 670 daAuts
     D:6: 288 daAuts
     D:5: 204 daAuts
